AoeStats
← gh0stwr1ter

Migration

510139959Analyzed
1v1 RM · 4d ago on Sep 29, 2026· 24m 30s· 2 players
Game mode
Random Map
Map size
132×132
Population
200
Speed
Normal
Resources
Standard
Victory
Conquest
Starting age
Dark Age
Ending age
Imperial Age
RankedLock teamsTeams togetherTeam positionsShared explorationLock speedFull tech treeHidden civsTurbo modeCheats
Victory
Defeat
🇺🇸 Ethiopians · United States
1685
+18
🇮🇹 Turks · Italy
1734
-18
gh0stwr1ter
12:37 Feudal Age
13:25 Double-Bit Axe
13:36 Fishing Lines
16:05 Castle Age
14:15 Gold Mining
15:12 Fletching
15:10 Loom
16:44 Bodkin Arrow
17:01 Medium Warships
17:09 Bow Saw
19:53 Gillnets
20:44 Stone Mining
21:27 Scale Mail Armor
GdR_Scranton Strangler
13:29 Feudal Age
12:39 Loom
17:02 Castle Age
15:18 Town Watch
15:45 Double-Bit Axe
17:00 Gold Mining
17:35 Fletching
18:18 Medium Warships
18:31 Bodkin Arrow
23:27 Wheelbarrow
Connection lost

Rejoining the realm…

Still unreachable

The connection could not be restored.

Session expired

The server has moved on; the page needs a fresh start.